[Event "Polugaevsky Memorial 2018"]
[Site "Samara"]
[Date "2018.07.14"]
[Round "5"]
[White "Mukhin, Alexander"]
[Black "Kotlyar, Kirill"]
[Result "1/2-1/2"]
[ECO "B30"]
[WhiteElo "2167"]
[BlackElo "2407"]
[Annotator "NA"]
[PlyCount "118"]
[EventDate "2018.07.10"]
[EventType "swiss"]
[EventCountry "RUS"]
[SourceTitle "playchess.com"]
[Source "ChessBase"]
[SourceQuality "1"]
[TimeControl "40/5400+30:1800+30"]

1. e4 c5 2. Nf3 Nc6 3. d3 g6 4. g3 Bg7 5. Bg2 d6 6. c3 Nf6 7. O-O O-O 8. Re1 Bg4 9. h3 Bxf3 10. Qxf3 Nd7 {[%emt 0:00:10] A05: Réti Opening: 1 Nf3 Nf6} (10... Rb8 11. Be3 Nd7 12. a4 a6 13. Qd1 Qc7 14. Nd2 b5 15. axb5 axb5 16. Rc1 b4 17. d4 bxc3 18. bxc3 Rfc8 {1-0 (39) Saric,I (2664)-Swapnil,S (2533) Caleta 2018}) 11. Nd2 b5 12. a3 $146 ({Predecessor:} 12. Qe2 Qb6 13. f4 Rab8 14. Kh2 Qa6 15. Nf3 b4 16. c4 Nd4 17. Nxd4 cxd4 {1-0 (35) Cisneros Belenguer,L (2250)-Gorgs,A (2188) Budapest 2003}) 12... a5 13. Nf1 b4 14. axb4 axb4 15. Bd2 $1 Qb6 16. Qd1 {[%emt 0:12:50] [#]} (16. Qe2 $11) 16... bxc3 (16... Rxa1 $1 $17 17. Qxa1 Nde5) 17. bxc3 Nde5 18. Qc2 Qb5 19. Rxa8 Rxa8 20. Re3 (20. Rb1 $11 Qxd3 21. Qxd3 Nxd3 {[#]} 22. e5 $1 ) 20... Ra3 21. f4 Nd7 22. Re1 $1 e6 23. Rb1 Qa6 24. Kh2 Kf8 25. Ne3 Ra2 26. Rb2 Rxb2 27. Qxb2 Nb6 28. Qb1 Ne7 29. Bf1 Qa5 30. Nc4 Nxc4 31. Qb8+ Nc8 32. Qxc8+ Ke7 33. dxc4 Qa2 34. Qc7+ Ke8 35. Qxd6 Bxc3 36. Bg2 Qxd2 37. Qxc5 Bb4 38. Qc8+ Qd8 39. Qb7 Ba5 40. e5 Kf8 41. c5 h5 42. h4 Be1 43. Qe4 Bf2 44. Qc2 Be3 45. c6 Bb6 46. Be4 Kg7 47. Kh3 Qe7 48. Bd3 Bd8 49. Qc3 Kh7 50. Qd4 Kg7 51. Qd6 Qc7 52. Be2 Qb6 53. Bf3 Qc7 $16 54. g4 hxg4+ 55. Kxg4 Qb6 56. Qd2 Qg1+ 57. Kh3 Bb6 58. Qg2 Qxg2+ 59. Kxg2 f6 1/2-1/2

[Event "Polugaevsky Memorial 2018"]
[Site "Samara"]
[Date "2018.07.16"]
[Round "7"]
[White "Shaposhnikov, Evgeny"]
[Black "Mokshanov, Alexey"]
[Result "1/2-1/2"]
[ECO "D30"]
[WhiteElo "2572"]
[BlackElo "2430"]
[Annotator "RC"]
[PlyCount "80"]
[EventDate "2018.07.10"]
[EventType "swiss"]
[EventCountry "RUS"]
[SourceTitle "playchess.com"]
[Source "ChessBase"]
[SourceQuality "1"]
[TimeControl "40/5400+30:1800+30"]

1. Nf3 d5 2. d4 Nf6 3. c4 e6 4. Bg5 c6 5. e3 Qb6 6. Bxf6 Qxb2 7. Bxg7 Bxg7 8. Nbd2 b6 9. Be2 O-O 10. O-O Qa3 11. Ne5 Ba6 12. cxd5 cxd5 13. Bxa6 Nxa6 14. Qg4 Qe7 15. a4 Nb4 16. a5 b5 17. a6 Qd6 18. Rfb1 Rab8 19. Qe2 Rfc8 20. g3 Nc2 21. Ra5 Na3 22. Rb3 Nc4 23. Raxb5 Rxb5 24. Rxb5 Nxd2 25. Qxd2 Bxe5 26. dxe5 Qxe5 27. Rb4 Rc4 28. Rb1 Rc6 29. Qe2 Qe4 30. Rb8+ Kg7 31. Qb2+ e5 32. Qa3 Kg6 33. Rg8+ Kf6 34. Re8 Qb1+ 35. Kg2 Qe4+ 36. Kg1 Qb1+ 37. Kg2 Qe4+ 38. Kg1 Qb1+ 39. Kg2 Qe4+ 40. Kg1 Qb1+ 1/2-1/2

[Event "Polugaevsky Memorial 2018"]
[Site "Samara"]
[Date "2018.07.16"]
[Round "7"]
[White "Matinian, Nikita"]
[Black "Salman, Pavel"]
[Result "1-0"]
[ECO "B85"]
[WhiteElo "2510"]
[BlackElo "2272"]
[Annotator "ChessBase"]
[PlyCount "57"]
[EventDate "2018.07.10"]
[EventType "swiss"]
[EventCountry "RUS"]
[SourceTitle "playchess.com"]
[Source "ChessBase"]
[SourceQuality "1"]
[TimeControl "40/5400+30:1800+30"]

1. e4 c5 2. Nf3 e6 3. d4 cxd4 4. Nxd4 a6 5. Nc3 Qc7 6. Be2 Nf6 7. O-O Be7 8. f4 d6 9. Be3 O-O 10. g4 Nc6 11. g5 Nd7 12. f5 Nxd4 13. Qxd4 Re8 14. Rad1 Bf8 15. fxe6 fxe6 16. Nd5 Qd8 17. Nf6+ Nxf6 18. gxf6 gxf6 19. e5 f5 20. Kh1 Kh8 21. Rg1 Qd7 22. Bf3 Bg7 23. Rxg7 Qxg7 24. Rg1 dxe5 25. Qh4 Qxg1+ 26. Kxg1 Rg8+ 27. Kf2 f4 28. Qf6+ Rg7 29. Bc5 1-0

[Event "Polugaevsky Memorial 2018"]
[Site "Samara"]
[Date "2018.07.16"]
[Round "7"]
[White "Lugovskoy, Maxim"]
[Black "Kotlyar, Kirill"]
[Result "1-0"]
[ECO "B30"]
[WhiteElo "2391"]
[BlackElo "2407"]
[Annotator "ChessBase"]
[PlyCount "81"]
[EventDate "2018.07.10"]
[EventType "swiss"]
[EventCountry "RUS"]
[SourceTitle "playchess.com"]
[Source "ChessBase"]
[SourceQuality "1"]
[TimeControl "40/5400+30:1800+30"]

1. e4 c5 2. Nf3 Nc6 3. Bb5 e6 4. c3 Nge7 5. O-O a6 6. Ba4 b5 7. Bc2 d5 8. d4 cxd4 9. Nxd4 Nxd4 10. Qxd4 Bb7 11. e5 Nc6 12. Qf4 f6 13. Qg4 f5 14. Qg3 Qc7 15. Bf4 O-O-O 16. a4 b4 17. Nd2 bxc3 18. bxc3 h6 19. Qg6 Qd7 20. Rab1 Qe8 21. Qxe8 Rxe8 22. h4 g5 23. Be3 Rg8 24. Rb6 f4 25. Bd4 Nxd4 26. cxd4 a5 27. Bd3 Bb4 28. Nb3 Rg7 29. hxg5 hxg5 30. Bb5 Ree7 31. Rc1+ Kb8 32. Nc5 Ka7 33. Rd6 Rg6 34. Nd7 Rh7 35. Rc7 Bxd6 36. exd6 Rgh6 37. Kf1 Ka8 38. Bd3 Rh8 39. Nc5 Rb8 40. Bb5 Ka7 41. Bc6 1-0

[Event "Polugaevsky Memorial 2018"]
[Site "Samara"]
[Date "2018.07.16"]
[Round "7"]
[White "Karpeshov, Oleg"]
[Black "Fedorov, Alexey A"]
[Result "0-1"]
[ECO "B30"]
[WhiteElo "2333"]
[BlackElo "1399"]
[Annotator "NA"]
[PlyCount "84"]
[EventDate "2018.07.10"]
[EventType "swiss"]
[EventCountry "RUS"]
[SourceTitle "playchess.com"]
[Source "ChessBase"]
[SourceQuality "1"]
[TimeControl "40/5400+30:1800+30"]

1. e4 c5 2. Nf3 Nc6 3. Bb5 e6 4. O-O Nge7 5. d4 cxd4 6. Nxd4 Ng6 {[%emt 0:01:41] B30: Sicilian: 2...Nc6 3 Bb5, lines without ...g6} (6... Qb6 7. Nxc6 bxc6 8. Bd3 Ng6 9. c4 Be7 10. Nc3 O-O 11. Na4 Qc7 12. c5 d5 13. cxd6 Bxd6 14. g3 c5 {1-0 (27) Caruana,F (2811)-Lenic,L (2662) chess.com INT 2018}) 7. Be3 Be7 8. Be2 O-O {[%emt 0:02:20] LiveBook: 20 Games} 9. c4 d6 10. Nc3 Bd7 11. Qd2 Nxd4 $146 ({Predecessor:} 11... a6 12. Rfd1 Rc8 13. Nb3 Nb8 14. f4 {1-0 (42) Lenic,L (2662)-Alekseenko,K (2594) chess.com INT 2018}) 12. Qxd4 Qb8 13. Qd2 Rd8 14. f4 Bc6 15. Rac1 b6 16. f5 Ne5 17. Bg5 Qb7 18. f6 gxf6 19. Bxf6 Bxf6 20. Rxf6 Kh8 21. Rcf1 Rd7 22. Qd4 Rg8 23. h4 Qc7 24. b4 Rg6 25. R6f4 Kg8 26. Qe3 Qd8 27. h5 Rg7 $11 28. Rf6 Qe7 29. Qh3 Rd8 30. Qh4 Kh8 31. h6 Rg6 32. g3 Rxf6 33. Rxf6 Rg8 34. Kf2 Rg6 35. Rf4 Qxh4 36. Rxh4 Kg8 37. c5 dxc5 38. bxc5 bxc5 39. Rh5 f6 40. Rh1 Kf8 41. Rh4 Ke7 42. Bh5 Rxh6 0-1

[Event "Polugaevsky Memorial 2018"]
[Site "Samara"]
[Date "2018.07.16"]
[Round "7"]
[White "Dubinin, Alexander"]
[Black "Remizov, Yaroslav"]
[Result "1/2-1/2"]
[ECO "B33"]
[WhiteElo "2060"]
[BlackElo "2308"]
[Annotator "NA"]
[PlyCount "87"]
[EventDate "2018.07.10"]
[EventType "swiss"]
[EventCountry "RUS"]
[SourceTitle "playchess.com"]
[Source "ChessBase"]
[SourceQuality "1"]
[TimeControl "40/5400+30:1800+30"]

1. e4 c5 2. Nf3 Nc6 3. d4 cxd4 4. Nxd4 Nf6 5. Nc3 e5 6. Ndb5 d6 7. Bg5 a6 8. Na3 b5 9. Nd5 Be7 10. Bxf6 Bxf6 11. c4 O-O {[%emt 0:06:50] B33: Sicilian: Pelikan and Sveshnikov Variations} (11... b4 12. Nc2 O-O 13. g3 Rb8 14. b3 Be6 15. h4 Rb7 16. Rc1 a5 17. Bh3 Bxd5 18. cxd5 Na7 19. Bf1 {1-0 (78) Morozevich,A (2665)-Dubov,D (2701) Moscow 2018}) 12. cxb5 Nd4 13. b6 {[%emt 0:08:49] LiveBook: 12 Games} Bb7 14. Bc4 Bg5 15. O-O Kh8 16. Nc2 $146 ({Predecessor:} 16. Qd3 Ne6 17. Rad1 g6 18. Nc7 Nxc7 19. bxc7 Qxc7 20. Qxd6 Qxd6 21. Rxd6 Bxe4 {½-½ (28) Pena Gomez,M (2467)-Bobras,P (2565) Bad Wiessee 2008}) 16... Rc8 17. Nc7 Rxc7 (17... Nxc2 {might work better.} 18. Qxc2 Qd7) 18. bxc7 Qxc7 19. Nxd4 Qxc4 20. Nf3 Be7 21. Rc1 Qe6 22. Nd2 f5 23. Rc7 Bxe4 24. Nxe4 fxe4 25. Qa4 d5 26. Qd7 Qxd7 27. Rxd7 Bc5 28. Rxd5 Bd4 29. b3 $18 h5 30. g3 h4 31. Kg2 Rf6 32. f4 exf3+ 33. Kh3 hxg3 34. Kxg3 f2 35. Rxd4 exd4 36. Rxf2 Rc6 37. Rd2 Rc3+ 38. Kf4 Rh3 39. Kg4 Rh6 40. h3 Rg6+ 41. Kf5 Rh6 42. Rxd4 Rxh3 43. Rd6 a5 44. Ke4 1/2-1/2

[Event "Polugaevsky Memorial 2018"]
[Site "Samara"]
[Date "2018.07.17"]
[Round "8"]
[White "Gaifullin, Artur"]
[Black "Postnikov, Daniil"]
[Result "1-0"]
[ECO "D90"]
[WhiteElo "2448"]
[BlackElo "2370"]
[Annotator "RC"]
[PlyCount "95"]
[EventDate "2018.07.10"]
[EventType "swiss"]
[EventCountry "RUS"]
[SourceTitle "playchess.com"]
[Source "ChessBase"]
[SourceQuality "1"]
[TimeControl "40/5400+30:1800+30"]

1. d4 Nf6 2. c4 g6 3. Nc3 d5 4. Nf3 Bg7 5. h4 c6 6. Bg5 O-O 7. e3 Ne4 8. Qb3 Nxg5 9. hxg5 Be6 10. Qxb7 dxc4 11. Qxa8 Qb6 12. Na4 Qb4+ 13. Nd2 Qxa4 14. Qb7 Nd7 15. Bxc4 Bxc4 16. Qxd7 Ba6 17. Qxe7 c5 18. Qxc5 Rc8 19. b3 Qd7 20. Qa5 Bd3 21. Nc4 Qg4 22. Qd2 Qxg2 23. O-O-O Bxc4 24. bxc4 Rxc4+ 25. Kb1 Qxg5 26. Rc1 Qb5+ 27. Ka1 h5 28. Rxc4 Qxc4 29. f4 Qd5 30. Rh2 Qe4 31. Kb2 Bf6 32. Kc1 Be7 33. Kd1 Qb1+ 34. Qc1 Qd3+ 35. Ke1 Bb4+ 36. Kf2 Bd2 37. Qc8+ Kg7 38. Qh3 Qb1 39. Kf3 Qxa2 40. Qg2 Qd5+ 41. Ke2 Qa5 42. Qe4 Kf8 43. Kf3 Bc3 44. f5 Qa6 45. fxg6 Qf6+ 46. Qf4 Qc6+ 47. Kf2 Qxg6 48. Qb8+ 1-0

[Event "Polugaevsky Memorial 2018"]
[Site "Samara"]
[Date "2018.07.17"]
[Round "8"]
[White "Kotlyar, Kirill"]
[Black "Velichko, Arseny"]
[Result "0-1"]
[ECO "D43"]
[WhiteElo "2407"]
[BlackElo "2177"]
[Annotator "ChessBase"]
[PlyCount "35"]
[EventDate "2018.07.10"]
[EventType "swiss"]
[EventCountry "RUS"]
[SourceTitle "playchess.com"]
[Source "ChessBase"]
[SourceQuality "1"]
[TimeControl "40/5400+30:1800+30"]

1. d4 d5 2. Nf3 Nf6 3. c4 e6 4. Nc3 c6 5. cxd5 exd5 6. Qc2 Be7 7. Bg5 g6 8. e4 Nxe4 9. Nxe4 Bf5 10. Qb3 Bxe4 11. Qxb7 Bxg5 12. Nxg5 Qxg5 13. Qxa8 O-O 14. Qxa7 Re8 15. Kd1 c5 16. Qa3 Bxg2 17. Rg1 Qg4+ 18. Kc2 0-1

[Event "Polugaevsky Memorial 2018"]
[Site "Samara"]
[Date "2018.07.17"]
[Round "8"]
[White "Fedorov, Alexey A"]
[Black "Lugovskoy, Maxim"]
[Result "0-1"]
[ECO "C15"]
[WhiteElo "1399"]
[BlackElo "2391"]
[Annotator "NA"]
[PlyCount "46"]
[EventDate "2018.07.10"]
[EventType "swiss"]
[EventCountry "RUS"]
[SourceTitle "playchess.com"]
[Source "ChessBase"]
[SourceQuality "1"]
[TimeControl "40/5400+30:1800+30"]

1. e4 e6 2. d4 d5 3. Nc3 Bb4 4. Nge2 dxe4 5. a3 Be7 6. g4 {[%emt 0:00:44] C15: French: 3 Nc3 Bb4: Unusual White 4th moves} (6. Nxe4 Nf6 7. Nxf6+ Bxf6 8. Be3 O-O 9. Qd2 b6 10. O-O-O Bb7 11. h4 Nd7 12. Nf4 Be7 13. h5 Nf6 14. f3 Qc8 15. Qf2 Rd8 {0-1 (33) Jobava,B (2703)-Ivanchuk,V (2757) Leuven 2017}) 6... Bd7 7. Rg1 Bc6 8. g5 Bd6 $146 ({Predecessor:} 8... Nd7 9. Bf4 Nb6 10. Be5 Bf8 11. Nf4 Nd7 12. Qh5 Nxe5 13. dxe5 g6 {0-1 (37) Tuncer,U (2289)-Vavrak,P (2466) Austria 2011}) 9. Bf4 (9. Bg2 $11) 9... Ne7 10. Qd2 Nd7 11. O-O-O Nb6 12. Ng3 Bxf4 13. Qxf4 Ned5 14. Nxd5 Qxd5 15. Kb1 O-O-O 16. Qxf7 Rhf8 17. Qxg7 Rxf2 18. Qxh7 $2 (18. Rg2 $15 Rff8 19. h4 (19. Qxh7 Qxg5 20. Nxe4 Qf5 $15)) 18... Rxc2 19. Kxc2 Qa2 20. Be2 ({But not} 20. Nxe4 $2 Ba4+ 21. Kd2 Qxb2+ 22. Ke1 Bxd1 $19) 20... Ba4+ 21. Kd2 $19 Qxb2+ 22. Ke3 Rf8 23. Rgf1 Qc3+ 0-1

[Event "Polugaevsky Memorial 2018"]
[Site "Samara"]
[Date "2018.07.18"]
[Round "9"]
[White "Kopylov, Alexander A"]
[Black "Tugarin, Anton"]
[Result "1-0"]
[ECO "D12"]
[WhiteElo "2431"]
[BlackElo "2248"]
[Annotator "ChessBase"]
[PlyCount "39"]
[EventDate "2018.07.10"]
[EventType "swiss"]
[EventCountry "RUS"]
[SourceTitle "playchess.com"]
[Source "ChessBase"]
[SourceQuality "1"]
[TimeControl "40/5400+30:1800+30"]

1. d4 d5 2. c4 c6 3. Nf3 Nf6 4. e3 Bf5 5. Nc3 a6 6. Bd3 Bxd3 7. Qxd3 e6 8. O-O Bb4 9. Bd2 O-O 10. Rfc1 Nbd7 11. Nxd5 Nxd5 12. cxd5 Bxd2 13. Nxd2 cxd5 14. Rc2 Rc8 15. Rac1 Rxc2 16. Rxc2 Qb8 17. Qc3 Nb6 18. Qa5 Qd6 19. Rc3 Rc8 20. Qxb6 1-0

[Event "Polugaevsky Memorial 2018"]
[Site "Samara"]
[Date "2018.07.18"]
[Round "9"]
[White "Lugovskoy, Maxim"]
[Black "Karpenko, Artem"]
[Result "1-0"]
[ECO "D00"]
[WhiteElo "2391"]
[BlackElo "2383"]
[Annotator "NA"]
[PlyCount "113"]
[EventDate "2018.07.10"]
[EventType "swiss"]
[EventCountry "RUS"]
[SourceTitle "playchess.com"]
[Source "ChessBase"]
[SourceQuality "1"]
[TimeControl "40/5400+30:1800+30"]

1. d4 d5 2. Nc3 Nf6 3. Bf4 a6 4. Nf3 {[%emt 0:00:14] D00: 1 d4 d5: Unusual lines} (4. e3 e6 5. Qf3 c5 6. O-O-O Nc6 7. Nge2 cxd4 8. Nxd4 Bb4 9. Nxc6 bxc6 10. Be5 Bd6 11. Bxd6 Qxd6 {½-½ (30) Jobava,B (2690)-Berkes,F (2662) Villorba 2018}) 4... e6 5. e3 c5 6. Bd3 b5 7. dxc5 Bxc5 8. Qe2 $146 ({Predecessor:} 8. e4 d4 9. Ne2 Bb7 10. Ng3 Qa5+ 11. Kf1 Nbd7 {1-0 (38) Gundavaa,B (2503)-Mohammad,N (2415) Pardubice 2016}) 8... b4 9. Nb1 Bb7 10. Nbd2 Qb6 11. O-O Nbd7 12. Ne5 O-O 13. Ndf3 Nxe5 14. Nxe5 Bd6 15. Bg3 Qc7 16. f4 Rfc8 17. Nf3 Qb6 18. Bh4 Bxf4 19. Nd4 Be5 20. Bxf6 gxf6 21. Qg4+ Kf8 22. Qh4 Ke7 23. Rf2 Rf8 24. a3 Kd7 25. axb4 Qxb4 26. c3 Qb6 27. Kh1 f5 28. Ra3 Qd8 29. Qh5 Bd6 30. Rb3 Rb8 31. c4 Qa5 32. Rc3 dxc4 33. Bxc4 Be4 34. Rc1 Rbc8 35. b3 Qe5 36. Rd1 Ke7 37. Ne2 $2 {[%emt 0:01:10] [#]} (37. Qh4+ $11 Ke8 38. Qh5) 37... Rcd8 (37... Qf6 $1 $19 38. Nd4 Bc5 39. Bxa6 Rcd8) 38. Ng3 Bc7 ({Black should play} 38... Bb7 $17 39. Nxf5+ exf5 40. Rxf5 Qg7 41. Qh4+ f6) 39. Rdf1 Bb7 40. Be2 Ke8 41. Qh4 Rd7 (41... Rg8 $17 42. Nh5 (42. Qa4+ Rd7 $17) 42... Kf8) 42. Nh5 f6 43. Bc4 Re7 44. Nf4 Rg8 45. Bxe6 Rg5 46. Bc4 Qxe3 (46... Bb6 $1 $15 47. Qh3 Bxe3) 47. Nd5 Bxd5 48. Bxd5 Bb6 {[%emt 0:02:51] [#]} 49. Rc2 (49. Bc6+ $1 $18 Kd8 50. Rc2) 49... Qd4 50. Bc6+ Kf8 51. Qh6+ Rgg7 52. Bf3 Kg8 53. Rc8+ Bd8 54. Qc1 Qb6 55. Qc6 $18 (55. Bd5+ $142 Kf8 56. Qa3) 55... Qa5 56. Qd5+ Qxd5 57. Bxd5+ 1-0

[Event "Polugaevsky Memorial 2018"]
[Site "Samara"]
[Date "2018.07.18"]
[Round "9"]
[White "Skatchkov, Valery"]
[Black "Remizov, Yaroslav"]
[Result "0-1"]
[ECO "D45"]
[WhiteElo "2287"]
[BlackElo "2308"]
[Annotator "ChessBase"]
[PlyCount "96"]
[EventDate "2018.07.10"]
[EventType "swiss"]
[EventCountry "RUS"]
[SourceTitle "playchess.com"]
[Source "ChessBase"]
[SourceQuality "1"]
[TimeControl "40/5400+30:1800+30"]

1. d4 Nf6 2. c4 e6 3. Nf3 d5 4. Nc3 c6 5. e3 Nbd7 6. Qc2 Bd6 7. Bd3 dxc4 8. Bxc4 b5 9. Bd3 Bb7 10. O-O O-O 11. a3 a5 12. e4 e5 13. Bg5 exd4 14. Nxd4 Bxh2+ 15. Kxh2 Ng4+ 16. Kg3 Qxg5 17. f4 Qd8 18. e5 g6 19. Kxg4 Nxe5+ 20. fxe5 Qxd4+ 21. Rf4 Qxe5 22. Raf1 h5+ 23. Kf3 Rfe8 24. g3 g5 25. Re4 c5 26. Kg2 f5 27. Qb3+ c4 28. Bxc4+ Kh8 29. Qd1 Bxe4+ 30. Kh2 bxc4 31. Qxh5+ Kg8 32. Nxe4 Qh8 33. Qxh8+ Kxh8 34. Nxg5 Re2+ 35. Kh3 Rxb2 36. Rxf5 Rc8 37. Nf7+ Kg8 38. Nd6 Rc6 39. Nxc4 Rxc4 40. Rxa5 Rc3 41. Ra8+ Kf7 42. Ra7+ Kf6 43. Ra6+ Ke5 44. Ra5+ Ke4 45. Ra4+ Ke3 46. Ra8 Kf2 47. Rf8+ Rf3 48. Rg8 Rbb3 0-1